[ PARTIDA AOE2 · #467922028 ]
Team RMTeutones vs Bohemians
[ ANÁLISIS DE REPETICIÓN · EXTRAÍDO DE LA PARTIDA GRABADA ]
Feudal
13:08
Castillos
19:10
Imperial
33:30
| APM promedio | 14.5 |
| APM pico | 40 |
| eAPM promedio | 11.6 |
| Aldeanos / militares | 110 / 231 |
Foco
⚔️ 48.3% · 🌾 51.7%
Spearman ×90 · Militia ×62 · Knight ×52 · Trade Cart ×15 · Scorpion ×10 · Trebuchet (Packed) ×8
Feudal
11:20
Castillos
16:45
Imperial
31:16
| APM promedio | 26.1 |
| APM pico | 70 |
| eAPM promedio | 18.4 |
| Aldeanos / militares | 116 / 337 |
Foco
⚔️ 29.3% · 🌾 70.7%
Hussite Wagon ×160 · Spearman ×160 · Mangonel ×8 · Bombard Cannon ×7 · Monk ×2
Feudal
11:23
Castillos
15:26
Imperial
30:59
| APM promedio | 20.8 |
| APM pico | 54 |
| eAPM promedio | 14.2 |
| Aldeanos / militares | 128 / 329 |
Foco
⚔️ 27.9% · 🌾 72.1%
Monaspa ×213 · Scout Cavalry ×90 · Trade Cart ×25 · Scorpion ×19 · Trebuchet (Packed) ×5 · Monk ×1
Feudal
11:44
Castillos
18:09
Imperial
32:20
| APM promedio | 25.2 |
| APM pico | 83 |
| eAPM promedio | 17.9 |
| Aldeanos / militares | 126 / 388 |
Foco
⚔️ 48.6% · 🌾 51.4%
Scout Cavalry ×190 · Spearman ×118 · Scorpion ×34 · Bombard Cannon ×25 · War Elephant ×16 · Monk ×3
Mapa de la partida
Recursos al inicio + cada clic de construcción. Línea gruesa = muro · recuadro discontinuo = muro de casas detectado. 🟡 oro · ⚪ piedra · 🟢 bayas · 🔶 jabalí · ⭕ reliquia
Inputs por minuto
— hardiknavet2000 - - tjb35
Build order — hardiknavet2000
Primeras 150 de 510 acciones detectadas
| 0:13 | Construir | House |
| 0:13 | Crear | Villager (Male) |
| 0:14 | Crear | Villager (Male) |
| 0:14 | Crear | Villager (Male) |
| 0:14 | Crear | Villager (Male) |
| 0:14 | Crear | Villager (Male) |
| 0:15 | Crear | Villager (Male) |
| 1:39 | Crear | Villager (Male) |
| 2:05 | Construir | House |
| 2:07 | Construir | House |
| 2:08 | Construir | House |
| 2:12 | Crear | Villager (Male) |
| 2:12 | Crear | Villager (Male) |
| 2:29 | Construir | Lumber Camp |
| 2:50 | Crear | Villager (Male) |
| 2:51 | Crear | Villager (Male) |
| 3:12 | Crear | Villager (Male) |
| 3:12 | Crear | Villager (Male) |
| 3:42 | Crear | Villager (Male) |
| 4:12 | Crear | Villager (Male) |
| 4:12 | Crear | Villager (Male) |
| 4:12 | Crear | Villager (Male) |
| 4:32 | Crear | Villager (Male) |
| 5:17 | Crear | Villager (Male) |
| 5:17 | Crear | Villager (Male) |
| 5:17 | Crear | Villager (Male) |
| 5:39 | Crear | Villager (Male) |
| 5:39 | Crear | Villager (Male) |
| 6:18 | Construir | Mill |
| 6:21 | Crear | Villager (Male) |
| 6:21 | Crear | Villager (Male) |
| 6:21 | Crear | Villager (Male) |
| 7:16 | Crear | Villager (Male) |
| 7:16 | Crear | Villager (Male) |
| 7:33 | Crear | Villager (Male) |
| 8:57 | Crear | Villager (Male) |
| 8:57 | Crear | Villager (Male) |
| 8:58 | Crear | Villager (Male) |
| 9:33 | Construir | Barracks |
| 9:35 | Construir | House |
| 9:36 | Construir | House |
| 10:04 | Crear | Villager (Male) |
| 10:48 | Construir | Mining Camp |
| 10:58 | Investigar | Feudal Age |
| 11:05 | Construir | Farm |
| 11:07 | Construir | Farm |
| 11:08 | Construir | Farm |
| 11:10 | Construir | Farm |
| 11:11 | Construir | Farm |
| 11:14 | Construir | Farm |
| 11:16 | Construir | Farm |
| 11:20 | Construir | Farm |
| 11:22 | Construir | Farm |
| 11:38 | Crear | Villager (Male) |
| 11:38 | Crear | Villager (Male) |
| 11:38 | Crear | Villager (Male) |
| 13:08 | Edad | Edad Feudal |
| 13:39 | Construir | Farm |
| 13:42 | Crear | Villager (Male) |
| 13:44 | Crear | Villager (Male) |
| 14:12 | Construir | Blacksmith |
| 14:19 | Construir | Farm |
| 14:27 | Crear | Villager (Male) |
| 14:31 | Construir | Farm |
| 14:52 | Construir | Farm |
| 15:07 | Crear | Villager (Male) |
| 15:16 | Construir | Market |
| 15:23 | Construir | Farm |
| 15:28 | Crear | Villager (Male) |
| 15:47 | Crear | Villager (Male) |
| 16:30 | Investigar | Castle Age |
| 16:44 | Construir | Stable |
| 16:50 | Construir | Stable |
| 17:10 | Investigar | Horse Collar |
| 17:14 | Investigar | Double-Bit Axe |
| 17:20 | Investigar | Scale Barding Armor |
| 17:22 | Investigar | Forging |
| 17:39 | Construir | Mining Camp |
| 17:43 | Construir | Farm |
| 17:47 | Construir | Farm |
| 18:03 | Crear | Villager (Male) |
| 18:12 | Construir | House |
| 18:23 | Crear | Villager (Male) |
| 18:35 | Construir | House |
| 19:10 | Edad | Edad de los Castillos |
| 19:19 | Crear | Villager (Male) |
| 19:34 | Construir | Town Center |
| 19:52 | Construir | Town Center |
| 20:03 | Crear | Villager (Male) |
| 20:03 | Crear | Villager (Male) |
| 21:01 | Crear | Villager (Male) |
| 21:01 | Crear | Villager (Male) |
| 21:01 | Crear | Villager (Male) |
| 21:23 | Crear | Villager (Male) |
| 21:23 | Crear | Villager (Male) |
| 21:24 | Crear | Villager (Male) |
| 21:24 | Crear | Villager (Male) |
| 21:40 | Crear | Villager (Male) |
| 21:41 | Crear | Villager (Male) |
| 21:53 | Crear | Villager (Male) |
| 21:53 | Crear | Villager (Male) |
| 21:53 | Crear | Villager (Male) |
| 22:24 | Crear | Villager (Male) |
| 22:25 | Crear | Villager (Male) |
| 23:14 | Construir | Monastery |
| 23:17 | Crear | Villager (Male) |
| 23:23 | Crear | Villager (Male) |
| 23:23 | Crear | Villager (Male) |
| 23:28 | Crear | Villager (Male) |
| 23:28 | Crear | Villager (Male) |
| 23:30 | Investigar | Heavy Plow |
| 23:53 | Construir | House |
| 23:54 | Construir | House |
| 23:55 | Construir | House |
| 24:07 | Construir | Siege Workshop |
| 24:11 | Construir | Siege Workshop |
| 24:20 | Investigar | Chain Barding Armor |
| 24:21 | Investigar | Iron Casting |
| 24:29 | Investigar | Caravan |
| 24:34 | Investigar | Bloodlines |
| 25:20 | Construir | Monastery |
| 25:25 | Crear | Trade Cart |
| 25:32 | Crear | Trade Cart |
| 25:45 | Crear | Villager (Male) |
| 25:46 | Crear | Villager (Male) |
| 25:46 | Crear | Villager (Male) |
| 25:46 | Crear | Villager (Male) |
| 25:46 | Crear | Villager (Male) |
| 26:07 | Construir | Castle |
| 26:21 | Construir | Siege Workshop |
| 26:24 | Crear | Monk |
| 26:25 | Crear | Monk |
| 26:26 | Crear | Monk |
| 26:45 | Investigar | Fervor |
| 26:53 | Crear | Villager (Male) |
| 26:53 | Crear | Villager (Male) |
| 26:59 | Crear | Villager (Male) |
| 27:00 | Crear | Villager (Male) |
| 27:04 | Crear | Villager (Male) |
| 27:06 | Crear | Villager (Male) |
| 27:07 | Crear | Villager (Male) |
| 27:14 | Construir | House |
| 27:15 | Construir | House |
| 27:32 | Investigar | Pikeman (upgrade) |
| 27:39 | Investigar | Squires |
| 27:40 | Investigar | Man-at-Arms (upgrade) |
| 27:58 | Construir | Farm |
| 28:00 | Construir | Farm |
| 28:02 | Construir | Farm |
| 28:03 | Construir | Farm |
Build order — tjb35
Primeras 150 de 372 acciones detectadas
| 0:01 | Crear | Villager (Male) |
| 0:01 | Crear | Villager (Male) |
| 0:02 | Construir | House |
| 0:04 | Construir | House |
| 0:38 | Crear | Villager (Male) |
| 1:11 | Crear | Villager (Male) |
| 1:26 | Crear | Villager (Male) |
| 1:50 | Construir | Lumber Camp |
| 2:09 | Crear | Villager (Male) |
| 2:33 | Crear | Villager (Male) |
| 3:05 | Crear | Villager (Male) |
| 3:31 | Crear | Villager (Male) |
| 3:39 | Construir | House |
| 3:57 | Crear | Villager (Male) |
| 4:08 | Construir | Mill |
| 4:19 | Crear | Villager (Male) |
| 4:54 | Crear | Villager (Male) |
| 5:07 | Crear | Villager (Male) |
| 5:41 | Construir | House |
| 5:49 | Crear | Villager (Male) |
| 6:02 | Crear | Villager (Male) |
| 6:22 | Construir | Farm |
| 6:27 | Construir | Farm |
| 6:36 | Crear | Villager (Male) |
| 6:52 | Crear | Villager (Male) |
| 7:24 | Crear | Villager (Male) |
| 7:53 | Crear | Villager (Male) |
| 8:15 | Crear | Villager (Male) |
| 8:28 | Crear | Villager (Male) |
| 8:42 | Investigar | Feudal Age |
| 8:56 | Construir | Mining Camp |
| 9:13 | Construir | House |
| 9:14 | Construir | House |
| 9:40 | Crear | Villager (Male) |
| 9:40 | Crear | Villager (Male) |
| 10:16 | Construir | Mill |
| 11:20 | Edad | Edad Feudal |
| 11:25 | Construir | Blacksmith |
| 11:33 | Construir | Market |
| 12:18 | Crear | Villager (Male) |
| 12:34 | Crear | Villager (Male) |
| 13:06 | Construir | House |
| 13:07 | Construir | House |
| 14:05 | Investigar | Castle Age |
| 15:06 | Investigar | Double-Bit Axe |
| 15:28 | Investigar | Horse Collar |
| 15:31 | Crear | Villager (Male) |
| 16:20 | Crear | Villager (Male) |
| 16:45 | Edad | Edad de los Castillos |
| 16:51 | Construir | Castle |
| 17:01 | Construir | Farm |
| 17:01 | Construir | Farm |
| 17:01 | Construir | Farm |
| 17:02 | Construir | Farm |
| 17:02 | Construir | Farm |
| 17:11 | Investigar | Bow Saw |
| 17:32 | Construir | Farm |
| 17:34 | Construir | Farm |
| 17:37 | Construir | Farm |
| 17:42 | Construir | Farm |
| 18:07 | Crear | Hussite Wagon |
| 18:07 | Crear | Hussite Wagon |
| 18:12 | Crear | Villager (Male) |
| 18:12 | Crear | Villager (Male) |
| 18:41 | Crear | Villager (Male) |
| 18:53 | Construir | Monastery |
| 19:07 | Crear | Villager (Male) |
| 19:07 | Crear | Villager (Male) |
| 19:12 | Construir | Farm |
| 19:30 | Crear | Monk |
| 19:36 | Crear | Monk |
| 20:03 | Construir | Town Center |
| 20:16 | Crear | Villager (Male) |
| 20:16 | Crear | Villager (Male) |
| 21:11 | Investigar | Heavy Plow |
| 21:17 | Crear | Villager (Male) |
| 21:17 | Crear | Villager (Male) |
| 21:24 | Crear | Villager (Male) |
| 21:24 | Crear | Villager (Male) |
| 21:42 | Construir | Town Center |
| 21:51 | Crear | Villager (Male) |
| 22:26 | Crear | Villager (Male) |
| 22:27 | Crear | Villager (Male) |
| 22:27 | Crear | Villager (Male) |
| 22:39 | Construir | Farm |
| 22:41 | Construir | Farm |
| 22:43 | Construir | Farm |
| 23:23 | Crear | Villager (Male) |
| 23:23 | Crear | Villager (Male) |
| 23:41 | Crear | Hussite Wagon |
| 23:41 | Crear | Hussite Wagon |
| 23:41 | Crear | Hussite Wagon |
| 23:54 | Crear | Villager (Male) |
| 23:54 | Crear | Villager (Male) |
| 23:55 | Crear | Villager (Male) |
| 23:55 | Crear | Villager (Male) |
| 23:56 | Crear | Villager (Male) |
| 24:01 | Construir | Farm |
| 24:12 | Construir | Farm |
| 24:19 | Crear | Villager (Male) |
| 24:28 | Construir | Farm |
| 24:33 | Crear | Hussite Wagon |
| 24:56 | Crear | Villager (Male) |
| 24:56 | Crear | Villager (Male) |
| 24:58 | Crear | Villager (Male) |
| 24:59 | Crear | Villager (Male) |
| 24:59 | Crear | Villager (Male) |
| 25:17 | Crear | Villager (Male) |
| 25:17 | Crear | Villager (Male) |
| 25:49 | Crear | Villager (Male) |
| 25:49 | Crear | Villager (Male) |
| 25:51 | Crear | Villager (Male) |
| 25:51 | Crear | Villager (Male) |
| 25:56 | Construir | House |
| 25:57 | Construir | House |
| 26:05 | Crear | Villager (Male) |
| 26:14 | Construir | House |
| 26:20 | Crear | Villager (Male) |
| 26:22 | Crear | Villager (Male) |
| 26:30 | Crear | Hussite Wagon |
| 26:30 | Crear | Hussite Wagon |
| 27:00 | Construir | Siege Workshop |
| 27:07 | Construir | Siege Workshop |
| 27:15 | Crear | Villager (Male) |
| 27:15 | Crear | Villager (Male) |
| 27:16 | Crear | Villager (Male) |
| 27:16 | Crear | Villager (Male) |
| 27:17 | Crear | Villager (Male) |
| 27:17 | Crear | Villager (Male) |
| 27:26 | Construir | Farm |
| 27:30 | Construir | Farm |
| 27:37 | Crear | Hussite Wagon |
| 27:37 | Crear | Hussite Wagon |
| 27:37 | Crear | Hussite Wagon |
| 27:38 | Crear | Hussite Wagon |
| 28:06 | Investigar | Imperial Age |
| 28:24 | Crear | Villager (Male) |
| 28:24 | Crear | Villager (Male) |
| 28:28 | Crear | Villager (Male) |
| 28:50 | Construir | Farm |
| 29:12 | Construir | Castle |
| 29:49 | Crear | Villager (Male) |
| 29:50 | Crear | Villager (Male) |
| 29:57 | Construir | House |
| 29:58 | Construir | House |
| 30:17 | Crear | Hussite Wagon |
| 30:18 | Crear | Hussite Wagon |
| 30:23 | Construir | House |
| 30:23 | Construir | House |
| 30:36 | Construir | Mining Camp |
Build order — Georgia
Primeras 150 de 414 acciones detectadas
| 0:02 | Crear | Villager (Male) ×4 |
| 0:04 | Construir | House |
| 0:06 | Construir | House |
| 1:36 | Crear | Villager (Male) |
| 2:03 | Crear | Villager (Male) |
| 2:19 | Crear | Villager (Male) |
| 2:49 | Crear | Villager (Male) |
| 3:01 | Construir | House |
| 3:12 | Crear | Villager (Male) |
| 4:01 | Crear | Villager (Male) |
| 4:27 | Crear | Villager (Male) |
| 4:46 | Crear | Villager (Male) |
| 5:14 | Crear | Villager (Male) |
| 5:45 | Crear | Villager (Male) |
| 6:03 | Construir | House |
| 6:05 | Crear | Villager (Male) |
| 6:33 | Crear | Villager (Male) |
| 6:54 | Crear | Villager (Male) |
| 7:03 | Crear | Villager (Male) |
| 7:07 | Construir | Mill |
| 7:19 | Crear | Villager (Male) |
| 7:37 | Construir | Mule Cart |
| 7:50 | Crear | Villager (Male) |
| 7:54 | Construir | Farm |
| 7:56 | Construir | Farm |
| 8:23 | Construir | Mule Cart |
| 8:31 | Construir | Farm |
| 8:32 | Construir | Farm |
| 8:47 | Crear | Villager (Male) |
| 9:13 | Investigar | Feudal Age |
| 9:18 | Construir | House |
| 11:08 | Crear | Villager (Male) |
| 11:23 | Edad | Edad Feudal |
| 11:27 | Construir | Market |
| 11:35 | Construir | Blacksmith |
| 11:44 | Crear | Villager (Male) |
| 11:50 | Construir | Farm |
| 12:15 | Construir | Farm |
| 12:46 | Investigar | Castle Age |
| 13:02 | Construir | House |
| 13:33 | Investigar | Double-Bit Axe |
| 13:34 | Investigar | Horse Collar |
| 14:32 | Crear | Villager (Male) |
| 15:03 | Construir | Farm |
| 15:26 | Edad | Edad de los Castillos |
| 15:32 | Construir | Town Center |
| 15:39 | Construir | Town Center |
| 15:41 | Crear | Villager (Male) |
| 16:11 | Crear | Villager (Male) |
| 16:27 | Investigar | Bow Saw |
| 16:37 | Construir | Farm |
| 16:39 | Crear | Villager (Male) |
| 16:46 | Construir | House |
| 16:48 | Construir | House |
| 16:49 | Construir | House |
| 16:53 | Crear | Villager (Male) |
| 16:57 | Crear | Villager (Male) |
| 17:06 | Construir | Farm |
| 17:07 | Construir | Farm |
| 17:07 | Construir | Farm |
| 17:13 | Crear | Villager (Male) |
| 17:13 | Crear | Villager (Male) |
| 17:13 | Crear | Villager (Male) |
| 17:17 | Construir | Farm |
| 17:18 | Construir | Farm |
| 17:21 | Crear | Villager (Male) |
| 17:21 | Crear | Villager (Male) |
| 17:23 | Crear | Villager (Male) |
| 17:30 | Crear | Villager (Male) |
| 17:37 | Construir | Farm |
| 17:42 | Construir | Farm |
| 17:59 | Construir | Farm |
| 18:09 | Crear | Villager (Male) |
| 18:11 | Crear | Villager (Male) |
| 18:12 | Crear | Villager (Male) |
| 18:17 | Construir | Farm |
| 18:25 | Construir | Farm |
| 18:29 | Crear | Villager (Male) |
| 18:30 | Crear | Villager (Male) |
| 18:32 | Crear | Villager (Male) |
| 18:42 | Crear | Villager (Male) |
| 18:59 | Crear | Villager (Male) |
| 19:08 | Crear | Villager (Male) |
| 19:10 | Crear | Villager (Male) |
| 19:13 | Construir | House |
| 19:14 | Construir | House |
| 19:15 | Construir | House |
| 19:28 | Construir | Mill |
| 19:34 | Construir | Mill |
| 19:36 | Crear | Villager (Male) |
| 19:37 | Crear | Villager (Male) |
| 19:43 | Crear | Villager (Male) |
| 19:44 | Crear | Villager (Male) |
| 19:48 | Crear | Villager (Male) |
| 19:55 | Construir | Farm |
| 19:58 | Construir | Farm |
| 20:01 | Construir | Farm |
| 20:03 | Construir | Farm |
| 20:10 | Crear | Villager (Male) |
| 20:12 | Crear | Villager (Male) |
| 20:14 | Crear | Villager (Male) |
| 20:23 | Construir | Farm |
| 20:25 | Construir | Farm |
| 20:28 | Construir | Farm |
| 20:31 | Construir | Farm |
| 20:35 | Construir | Farm |
| 20:37 | Construir | Farm |
| 20:41 | Construir | Farm |
| 20:43 | Construir | Farm |
| 20:47 | Construir | Farm |
| 20:48 | Crear | Villager (Male) |
| 20:52 | Crear | Villager (Male) |
| 20:55 | Construir | Farm |
| 21:01 | Construir | Farm |
| 21:02 | Crear | Villager (Male) |
| 21:03 | Crear | Villager (Male) |
| 21:08 | Crear | Villager (Male) |
| 21:08 | Crear | Villager (Male) |
| 21:13 | Construir | Farm |
| 21:14 | Crear | Villager (Male) |
| 21:18 | Construir | Farm |
| 21:31 | Crear | Villager (Male) |
| 21:35 | Construir | Farm |
| 21:38 | Crear | Villager (Male) |
| 21:40 | Crear | Villager (Male) |
| 21:46 | Construir | Mule Cart |
| 21:54 | Construir | Monastery |
| 21:58 | Crear | Villager (Male) |
| 22:01 | Investigar | Gold Mining |
| 22:06 | Investigar | Stone Mining |
| 22:10 | Crear | Villager (Male) |
| 22:14 | Construir | Farm |
| 22:18 | Crear | Villager (Male) |
| 22:18 | Crear | Villager (Male) |
| 22:20 | Crear | Villager (Male) |
| 22:39 | Construir | Town Center |
| 22:43 | Crear | Villager (Male) |
| 22:43 | Crear | Villager (Male) |
| 22:51 | Crear | Villager (Male) |
| 23:01 | Crear | Monk |
| 23:08 | Construir | House |
| 23:10 | Construir | House |
| 23:10 | Construir | House |
| 23:11 | Construir | House |
| 23:12 | Construir | House |
| 23:17 | Investigar | Wheelbarrow |
| 23:19 | Crear | Villager (Male) |
| 23:21 | Investigar | Loom |
| 23:22 | Crear | Villager (Male) |
| 23:24 | Investigar | Town Watch |
Build order — eliasamicone24
Primeras 150 de 688 acciones detectadas
| 0:01 | Crear | Villager (Male) |
| 0:02 | Crear | Villager (Male) |
| 0:02 | Crear | Villager (Male) |
| 0:04 | Construir | House |
| 0:09 | Construir | House |
| 0:11 | Construir | House |
| 0:27 | Crear | Villager (Male) |
| 0:28 | Crear | Villager (Male) |
| 0:28 | Crear | Villager (Male) |
| 1:06 | Investigar | Loom |
| 1:30 | Crear | Villager (Male) |
| 1:31 | Crear | Villager (Male) |
| 1:47 | Construir | Mill |
| 2:12 | Crear | Villager (Male) |
| 2:42 | Crear | Villager (Male) |
| 2:42 | Crear | Villager (Male) |
| 3:34 | Construir | House |
| 3:37 | Construir | House |
| 3:38 | Construir | House |
| 3:44 | Crear | Villager (Male) |
| 3:45 | Crear | Villager (Male) |
| 3:45 | Crear | Villager (Male) |
| 4:58 | Crear | Villager (Male) |
| 4:59 | Crear | Villager (Male) |
| 5:17 | Crear | Villager (Male) |
| 5:30 | Crear | Villager (Male) |
| 6:16 | Construir | Mill |
| 6:27 | Crear | Villager (Male) |
| 6:34 | Construir | Lumber Camp |
| 6:51 | Crear | Villager (Male) |
| 7:09 | Crear | Villager (Male) |
| 7:37 | Crear | Villager (Male) |
| 7:57 | Crear | Villager (Male) |
| 8:13 | Crear | Villager (Male) |
| 8:37 | Construir | Mining Camp |
| 9:16 | Crear | Villager (Male) |
| 9:30 | Investigar | Feudal Age |
| 10:16 | Construir | Mining Camp |
| 11:38 | Construir | Farm |
| 11:42 | Construir | Farm |
| 11:44 | Edad | Edad Feudal |
| 11:46 | Construir | Farm |
| 11:48 | Investigar | Wheelbarrow |
| 11:50 | Investigar | Double-Bit Axe |
| 11:55 | Construir | Farm |
| 12:03 | Construir | Market |
| 12:09 | Construir | Blacksmith |
| 12:13 | Construir | Farm |
| 12:17 | Construir | Farm |
| 12:20 | Construir | Farm |
| 12:23 | Construir | Farm |
| 12:38 | Crear | Villager (Male) |
| 12:39 | Crear | Villager (Male) |
| 12:45 | Construir | Farm |
| 13:24 | Construir | Farm |
| 13:31 | Crear | Villager (Male) |
| 13:45 | Construir | House |
| 13:47 | Construir | House |
| 13:58 | Crear | Villager (Male) |
| 14:07 | Construir | Farm |
| 14:11 | Construir | Farm |
| 14:14 | Crear | Villager (Male) |
| 14:31 | Construir | House |
| 14:32 | Construir | House |
| 14:33 | Construir | House |
| 14:54 | Crear | Villager (Male) |
| 15:06 | Crear | Villager (Male) |
| 15:44 | Investigar | Castle Age |
| 16:16 | Investigar | Stone Mining |
| 16:28 | Investigar | Gold Mining |
| 17:34 | Crear | Villager (Male) |
| 17:34 | Crear | Villager (Male) |
| 18:09 | Edad | Edad de los Castillos |
| 18:20 | Construir | Town Center |
| 18:31 | Construir | Town Center |
| 18:41 | Crear | Villager (Male) |
| 18:51 | Investigar | Bow Saw |
| 19:01 | Crear | Villager (Male) |
| 19:07 | Crear | Villager (Male) |
| 19:08 | Crear | Villager (Male) |
| 19:22 | Crear | Villager (Male) |
| 19:39 | Crear | Villager (Male) |
| 19:46 | Construir | Farm |
| 19:52 | Construir | Farm |
| 19:56 | Crear | Villager (Male) |
| 19:58 | Crear | Villager (Male) |
| 20:08 | Construir | Farm |
| 20:11 | Crear | Villager (Male) |
| 20:29 | Construir | Farm |
| 20:33 | Construir | Farm |
| 20:36 | Crear | Villager (Male) |
| 20:40 | Crear | Villager (Male) |
| 20:58 | Construir | Monastery |
| 21:04 | Crear | Villager (Male) |
| 21:06 | Crear | Villager (Male) |
| 21:12 | Construir | Farm |
| 21:14 | Construir | Farm |
| 21:16 | Crear | Monk |
| 21:43 | Construir | Farm |
| 21:46 | Construir | Farm |
| 21:48 | Crear | Villager (Male) |
| 21:50 | Crear | Villager (Male) |
| 21:51 | Crear | Villager (Male) |
| 21:53 | Crear | Villager (Male) |
| 21:54 | Crear | Villager (Male) |
| 22:03 | Crear | Villager (Male) |
| 22:03 | Crear | Villager (Male) |
| 22:10 | Crear | Monk |
| 22:27 | Construir | Castle |
| 22:41 | Construir | Mining Camp |
| 22:50 | Crear | Villager (Male) |
| 22:50 | Crear | Villager (Male) |
| 22:51 | Crear | Villager (Male) |
| 22:52 | Crear | Villager (Male) |
| 22:53 | Crear | Villager (Male) |
| 22:53 | Crear | Villager (Male) |
| 22:54 | Crear | Villager (Male) |
| 23:08 | Crear | Monk |
| 23:20 | Construir | Farm |
| 23:24 | Construir | Farm |
| 23:30 | Construir | Farm |
| 23:36 | Construir | Mining Camp |
| 23:52 | Construir | Town Center |
| 23:54 | Crear | Villager (Male) |
| 23:54 | Crear | Villager (Male) |
| 23:56 | Crear | Villager (Male) |
| 23:56 | Crear | Villager (Male) |
| 23:56 | Crear | Villager (Male) |
| 23:57 | Crear | Villager (Male) |
| 23:58 | Crear | Villager (Male) |
| 23:58 | Crear | Villager (Male) |
| 23:59 | Crear | Villager (Male) |
| 24:09 | Crear | War Elephant |
| 24:28 | Construir | Farm |
| 24:35 | Construir | Lumber Camp |
| 24:38 | Crear | Villager (Male) |
| 24:38 | Crear | Villager (Male) |
| 24:41 | Crear | Villager (Male) |
| 24:42 | Crear | Villager (Male) |
| 24:44 | Crear | Villager (Male) |
| 24:45 | Crear | Villager (Male) |
| 24:46 | Crear | Villager (Male) |
| 24:51 | Construir | Farm |
| 25:33 | Investigar | Stone Shaft Mining |
| 25:36 | Investigar | Gold Shaft Mining |
| 25:41 | Construir | House |
| 25:42 | Construir | House |
| 25:44 | Construir | House |
| 25:46 | Construir | House |
| 25:47 | Construir | House |
Cronología de la partida
| 9:33 | hardiknavet2000 · first_building Barracks |
| 11:20 | tjb35 · age_up feudal |
| 11:23 | Georgia · age_up feudal |
| 11:44 | eliasamicone24 · age_up feudal |
| 13:08 | hardiknavet2000 · age_up feudal |
| 15:26 | Georgia · age_up castle |
| 16:44 | hardiknavet2000 · first_building Stable |
| 16:45 | tjb35 · age_up castle |
| 16:51 | tjb35 · first_building Castle |
| 18:09 | eliasamicone24 · age_up castle |
| 18:53 | tjb35 · first_building Monastery |
| 19:10 | hardiknavet2000 · age_up castle |
| 20:58 | eliasamicone24 · first_building Monastery |
| 21:54 | Georgia · first_building Monastery |
| 22:27 | eliasamicone24 · first_building Castle |
| 23:14 | hardiknavet2000 · first_building Monastery |
| 24:07 | hardiknavet2000 · first_building Siege Workshop |
| 25:43 | Georgia · first_building Castle |
| 26:07 | hardiknavet2000 · first_building Castle |
| 26:08 | Georgia · first_building Barracks |
| 27:00 | tjb35 · first_building Siege Workshop |
| 27:39 | Georgia · first_building Siege Workshop |
| 27:44 | Georgia · first_building Stable |
| 27:46 | tjb35 · first_market_sell 100 wood |
| 27:50 | tjb35 · first_market_buy 100 food |
| 30:21 | eliasamicone24 · first_building Barracks |
| 30:59 | Georgia · age_up imperial |
| 31:01 | eliasamicone24 · first_building Stable |
| 31:16 | tjb35 · age_up imperial |
| 32:00 | eliasamicone24 · first_building Siege Workshop |
| 32:20 | eliasamicone24 · age_up imperial |
| 32:44 | tjb35 · wall_segment Palisade Wall x1 |
| 33:30 | hardiknavet2000 · age_up imperial |
| 33:36 | Georgia · wall_segment Stone Wall x23 |
| 42:13 | tjb35 · first_building Barracks |
| 43:39 | Georgia · wall_segment Stone Wall x8 |
| 46:37 | Georgia · wall_segment Stone Wall x18 |
| 47:52 | Georgia · wall_segment Stone Wall x16 |
| 49:10 | hardiknavet2000 · wall_segment Stone Wall x1 |
| 60:37 | hardiknavet2000 · resign |
[ ANÁLISIS IA · 1 CRÉDITO ]
¿Qué pasó realmente en esta partida?
Wolo.gg analiza cada decisión: build order, eco, micro, errores típicos por bracket. Análisis personalizado por WhatsApp o Discord en 30 segundos.
Guía civ
Teutones
Guía mapa
Arena
Perfil
Jugador #14830682